Map: Prion Terraces

Players

lesha

  • Race: Terran Terran
  • League: Silver

Rjkiller - Winner!

  • Race: Terran Terran
  • League: Silver

VOD

Have the link to the VOD?

Description

Time

  • Played on: Dec. 24, 2015, 11:56 a.m.
  • Length: 4:41
Show
View Real Time Build Order
Export as new Build Order

lesha Terran 

Build Orders: Reaper Expand 

Get SALT Encoding   

  12  0:01  SCV  
  13  0:13  SCV  
  14  0:19  Supply Depot  
  14  0:27  SCV  
  15  0:40  SCV  
  15  0:41  Barracks  
  16  0:49  Refinery  
  16  0:52  SCV  
  17  1:05  SCV  
  18  1:17  SCV  
  19  1:29  Orbital Command  
  19  1:33  Reaper  
  20  1:48  Command Center  
  20  1:54  Supply Depot, SCV  
  21  2:12  Factory, Marine  
  22  2:22  SCV  
  23  2:30  Marine  
  23  2:34  SCV  
  23  2:48  Marine  
  22  3:02  Hellion  
  23  3:06  Marine  
  23  3:16  SCV  
  23  3:24  Marine  
  20  3:48  Marine  
  18  3:51  Hellion  
  20  3:58  SCV  
  20  4:10  SCV  
  20  4:13  Hellion  
  20  4:22  SCV  
Show
View Real Time Build Order
Export as new Build Order

Rjkiller Terran - Winner!

Build Orders:  

Get SALT Encoding   

  12  0:01  SCV  
  13  0:13  SCV  
  14  0:20  Supply Depot  
  14  0:31  SCV  
  15  0:43  Barracks  
  15  0:47  Refinery  
  15  0:51  Refinery  
  15  0:52  SCV  
  16  1:06  Barracks  
  16  1:10  SCV  
  17  1:22  SCV  
  18  1:30  Reaper  
  19  1:34  SCV  
  19  1:38  Supply Depot  
  20  1:53  Reaper  
  21  2:03  Reaper  
  21  2:07  Orbital Command  
  22  2:25  Reaper  
  23  2:35  Reaper  
  24  2:57  Reaper  
  24  3:30  Reaper  
  25  4:02  Reaper  
Tags
 
Add a new tag
Caveats
  • Supply blocks, unpowered buildings, or Contaminate may cause inaccurate times.
  • Supply counts are checked every 10 seconds.